 Dungeon Crawl Stone Soup version 0.19-a0-1110-g6a29f8a (webtiles) character file.

32334 AlphabetPasta the Slinger (level 14, -4/90 HPs)
             Began as a Halfling Warper on Aug 9, 2016.
             Was a High Priest of Okawaru.
             Killed from afar by a black draconian (25 damage)
             ... with a bolt of lightning
             ... on level 2 of the Abyss on Aug 10, 2016.
             The game lasted 02:49:15 (24911 turns).

AlphabetPasta the Slinger (Halfling Warper)        Turns: 24911, Time: 02:49:16

Health: -4/90      AC: 11    Str: 17    XL:     14   Next: 2%
Magic:  22/22      EV: 21    Int: 16    God:    Okawaru [*****.]
Gold:   496        SH:  7    Dex: 20    Spells: 6 memorised, 9 levels left

rFire  . . .     SeeInvis +     a - +4 scimitar (flame)
rCold  . . .     Gourm    .     S - +2 leather armour {MR+}
rNeg   . . .     Faith    .     N - +0 buckler
rPois  .         Spirit   .     K - +0 hat {Int+3}
rElec  .         Dismiss  .     v - +0 cloak
rCorr  .         Reflect  .     J - +1 pair of gloves {Str+3}
SustAt .         Harm     .     k - +0 pair of boots
MR     ++...                    D - amulet of rage
Stlth  ++........               x - ring of see invisible
                                p - +5 ring of dexterity

@:
A: mutation resistance 1
a: Heroism, Finesse, Renounce Religion, Evoke Berserk Rage


You were on level 2 of the Abyss.
You worshipped Okawaru.
Okawaru was extremely pleased with you.
You were not hungry.

You visited 3 branches of the dungeon, and saw 16 of its levels.
You visited the Abyss 1 time.

You collected 890 gold pieces.
You spent 394 gold pieces at shops.

Inventory:

Hand Weapons
 a - a +4 scimitar of flaming (weapon)
 b - a +4 greatsling of flaming
 c - a +0 blowgun
 z - a +1 long sword of electrocution
Missiles
 n - 245 stones (quivered)
 q - 92 sling bullets
 V - 10 curare-tipped needles
Armour
 d - a +2 robe of fire resistance
 k - a +0 pair of boots (worn)
 v - a +0 cloak (worn)
 J - a +1 pair of gloves of strength (worn)
 K - a +0 hat of intelligence (worn)
 L - the +4 leather armour of Gravitas {rC+ rCorr}
   (You found it on level 12 of the Dungeon)

   It protects you from cold.
   It protects you from acid and corrosion.
 N - a +0 buckler (worn)
 S - a +2 leather armour of magic resistance (worn)
Magical Staves
 U - an uncursed staff of energy
Jewellery
 h - an uncursed ring of positive energy
 p - a +5 ring of dexterity (left hand)
 r - an uncursed ring of protection from cold
 s - an uncursed ring of protection from magic {unknown}
 x - a ring of see invisible (right hand)
 D - an amulet of rage (around neck)
Wands
 l - a wand of confusion (36/48)
 m - a wand of slowing (8/48)
 B - a wand of lightning (5/15)
 R - a wand of confusion (23/48)
Scrolls
 e - 3 scrolls of fog
 t - 5 scrolls of identify
 u - 2 scrolls of remove curse
 A - 2 scrolls of magic mapping
 F - 2 scrolls of silence
 H - 3 scrolls of enchant armour
 X - 3 scrolls of amnesia
Potions
 g - a potion of brilliance
 i - 2 potions of curing
 C - a potion of cancellation
 I - 2 potions of cure mutation
 O - 6 potions of flight
 Z - a potion of haste
Miscellaneous
 o - a box of beasts
 P - a phantom mirror
Comestibles
 f - 13 bread rations
 j - 7 fruits
 w - 3 meat rations


   Skills:
 + Level 6.7 Fighting
 + Level 9.8 Long Blades
 + Level 10.2(10.3) Slings
 - Level 1.1(5.0) Throwing
 + Level 7.5 Armour
 + Level 8.2 Dodging
 + Level 5.0 Shields
 + Level 5.9 Spellcasting
 - Level 4.0 Charms
 * Level 9.6 Translocations
 - Level 8.0 Invocations
 + Level 5.7 Evocations


You had 9 spell levels left.
You knew the following spells:

 Your Spells              Type           Power        Failure   Level  Hunger
a - Apportation           Tloc           #####.....   1%          1    None
b - Blink                 Tloc           N/A          1%          2    #......
c - Shroud of Golubria    Chrm/Tloc      ####......   1%          2    #......
d - Portal Projectile     Tloc           #####.       1%          3    ##.....
e - Teleport Other        Tloc           #####...     1%          3    ##.....
f - Passage of Golubria   Tloc           N/A          3%          4    ####...


Dungeon Overview and Level Annotations

Branches:
Dungeon (12/15)            Temple (1/1) D:5            Lair (3/6) D:8
  Snake (0/4) Lair:2          Orc (0/2) D:11
  Swamp: Lair:2-4    Shoals: Lair:2-4

Altars:
Cheibriados
Dithmenos
Elyvilon
Fedhas
Gozag
Hepliaklqana
Kikubaaqudgha
Makhleb
Nemelex Xobeh
Okawaru
Pakellas
Qazlal
Ru
Sif Muna
Vehumet
Yredelemnul
Zin
The Shining One
Beogh

Shops:
D:4 !   D:8 ?   D:10 =   D:11 }

Annotations:
D:7 exclusion: oklob plant
Lair:3 Kramin's ghost, journeyman DrAK


Innate Abilities, Weirdness & Mutations

You are small and have problems with some larger weapons.
You are somewhat resistant to further mutation.


Message History

You barely miss the black draconian.
The black draconian is moderately wounded.
The black draconian closely misses you.
You barely miss the black draconian.
The black draconian is moderately wounded.
You hit the black draconian. You burn the black draconian.
The black draconian is moderately wounded.
The black draconian breathes lightning at you.
The bolt of lightning hits you!
* * * LOW HITPOINT WARNING * * *
You barely miss the black draconian.
The black draconian is moderately wounded.
The black draconian misses you.
You riposte.
You closely miss the black draconian.
The black draconian is moderately wounded.
You slash the black draconian! You burn the black draconian!
The black draconian is heavily wounded.
The black draconian breathes lightning at you.
The bolt of lightning hits you!
You die...

.. ### ..# ..
... # .. ##
#.###. .# # .
..# ..#.##. .#.#
.####....#...# #
#...d.....#
###..##.@....#
### # ...
.#.....## ....
.###...#...#...#
..
..#..#......##.
#..#
.#.#.#..###..
#.###...##### #
#......... # #.
###.##### # #..#


You could see a black draconian.

Vanquished Creatures
  Gastronok (D:8)
  Erolcha (D:11)
  Erica (D:8)
  6 death yaks (Lair:2)
  Sonja (Lair:1)
  2 skeletal warriors
  Pikel (D:6)
  An unseen horror (D:11)
  2 hill giants
  An ugly thing (D:12)
  An elephant (D:8)
  A deep elf mage (D:12)
  A manticore (D:12)
  2 cyclopes
  A black mamba (Lair:2)
  The ghost of DarthKuruptios the Skirmisher, a novice MiBe of Trog (D:5)
  2 molten gargoyles (Lair:3)
  4 spiny frogs
  A smoke demon (Abyss:2)
  2 komodo dragons (Lair:2)
  4 trolls
  A merfolk (D:11)
  A two-headed ogre (D:9)
  5 blink frogs (Lair:2)
  A meliai zombie (D:12)
  2 vampires
  A wraith (D:9)
  A small abomination (Abyss:2)
  15 yaks
  2 wyverns
  4 hippogriffs
  Eustachio (D:6)
  A basilisk (Lair:2)
  An insubstantial wisp (Abyss:2)
  3 nagas (Lair:2)
  4 water moccasins
  3 porcupines
  7 ice beasts
  8 orc warriors
  2 slaves (D:6)
  A phantom (D:3)
  2 black bears
  10 ogres
  5 centaurs
  6 crocodiles
  16 giant frogs
  2 big kobolds
  4 scorpions
  8 killer bees
  22 wights
  6 howler monkeys
  A giant frog zombie (D:5)
  10 crimson imps
  5 lava snakes (Lair:3)
  5 jellies
  A quasit (D:8)
  5 hounds
  10 orc priests
  A centaur zombie (D:6)
  16 orc wizards
  3 centaur skeletons
  2 giant frog skeletons (D:9)
  An iron imp (D:6)
  A gnoll shaman (D:5)
  9 iguanas
  9 worker ants
  3 sheep
  A hound skeleton (D:11)
  6 gnolls
  2 howler monkey skeletons
  12 adders
  29 river rats
  An ufetubus (Abyss:2)
  3 oozes
  3 worms
  A dart slug (D:1)
  3 giant geckos
  69 orcs
  3 ball pythons (D:3)
  8 bats
  10 giant cockroaches
  5 goblins
  5 hobgoblins (D:3)
  6 jackals
  13 kobolds
  8 quokkas
  5 giant newts
  A quokka skeleton (D:4)
  5 rats
  A bush (D:7)
464 creatures vanquished.

Vanquished Creatures (others)
  A slave (D:6)
  A wight (D:6)
  A bush (D:7)
  6 plants (D:7)
9 creatures vanquished.

Grand Total: 473 creatures vanquished

Notes
Turn   | Place    | Note
-------+----------+-------------------------------------------
     0 | D:1      | AlphabetPasta the Halfling Warper began the quest for the Orb.
     0 | D:1      | Reached XP level 1. HP: 14/14 MP: 3/3
   321 | D:1      | Reached XP level 2. HP: 9/19 MP: 4/4
   325 | D:1      | Learned a level 2 spell: Blink
   962 | D:2      | Found an iron altar of Okawaru.
   997 | D:2      | Found a faded altar of an unknown god.
  1003 | D:2      | Became a worshipper of Warmaster Okawaru
  1003 | D:2      | Reached * piety under Okawaru
  1148 | D:2      | Found a sparkling altar of Nemelex Xobeh.
  1373 | D:2      | Reached XP level 3. HP: 17/24 MP: 2/5
  1398 | D:2      | Learned a level 2 spell: Shroud of Golubria
  1976 | D:3      | Reached skill level 1 in Slings
  2046 | D:3      | Reached XP level 4. HP: 29/29 MP: 3/6
  2088 | D:3      | Reached skill level 1 in Invocations
  2273 | D:3      | Reached skill level 1 in Evocations
  2358 | D:3      | Reached XP level 5. HP: 14/34 MP: 5/8
  2924 | D:3      | Noticed a phantom
  2969 | D:3      | Killed a phantom
  2969 | D:3      | Reached skill level 2 in Slings
  2969 | D:3      | Reached XP level 6. HP: 11/39 MP: 9/9
  3495 | D:3      | Reached ** piety under Okawaru
  4111 | D:4      | Noticed an ogre
  4127 | D:4      | Killed an ogre
  4127 | D:4      | Reached XP level 7. HP: 21/45 MP: 10/10
  4289 | D:4      | Learned a level 3 spell: Portal Projectile
  4362 | D:4      | Reached skill level 3 in Slings
  4742 | D:3      | HP: 2/45 [poisoned by an orc wizard]
  4750 | D:3      | HP: 1/45 [poisoned by an orc wizard]
  5360 | D:4      | Found Huleyriz's Distillery.
  5366 | D:4      | Bought a potion of might for 40 gold pieces
  5366 | D:4      | Bought a potion of haste for 100 gold pieces
  5516 | D:4      | Found a sacrificial altar of Ru.
  5614 | D:5      | Entered Level 5 of the Dungeon
  6000 | D:5      | Reached XP level 8. HP: 51/51 MP: 9/11
  6002 | D:5      | Identified the Guide on Changing and Venom
  6071 | D:5      | Found a staircase to the Ecumenical Temple.
  6683 | D:5      | Found a stormy altar of Qazlal.
  6771 | D:5      | Noticed DarthKuruptios's ghost (novice MiBe)
  6864 | Temple   | Entered the Ecumenical Temple
  7152 | D:5      | Reached skill level 4 in Slings
  7269 | D:6      | Learned a level 3 spell: Teleport Other
  7457 | D:6      | Reached skill level 5 in Long Blades
  7515 | D:6      | Found a snail-covered altar of Cheibriados.
  7801 | D:5      | Reached skill level 5 in Translocations
  7894 | D:6      | Reached *** piety under Okawaru
  7894 | D:6      | Reached XP level 9. HP: 30/56 MP: 13/13
  8062 | D:6      | Noticed Eustachio
  8211 | D:6      | Killed Eustachio
  9070 | D:6      | Noticed Pikel
  9104 | D:6      | Killed Pikel
  9104 | D:6      | Reached skill level 5 in Slings
  9309 | D:6      | Found a radiant altar of Vehumet.
  9426 | D:6      | Upgraded the game from 0.19-a0-1107-gc676ff4 to 0.19-a0-1110-g6a29f8a
  9851 | D:7      | Reached **** piety under Okawaru
 10164 | D:7      | Got a crude plate armour
 10460 | D:7      | Found a basalt altar of Yredelemnul.
 10493 | D:7      | Reached XP level 10. HP: 50/63 MP: 15/15
 11351 | D:7      | Found a blossoming altar of Fedhas.
 11370 | D:7      | Noticed an oklob plant
 11404 | D:7      | Found a white marble altar of Elyvilon.
 11818 | D:8      | Learned a level 3 spell: Teleport Other
 11865 | D:8      | Noticed Erica
 11879 | D:8      | Killed Erica
 11879 | D:8      | Reached skill level 6 in Slings
 11879 | D:8      | Reached skill level 5 in Armour
 11938 | D:8      | Found Naoth's Magic Scroll Shoppe.
 11945 | D:8      | Reached skill level 5 in Dodging
 11951 | D:8      | Bought a scroll of silence for 112 gold pieces
 11951 | D:8      | Bought a scroll of enchant armour for 112 gold pieces
 11951 | D:8      | Bought a scroll of identify for 30 gold pieces
 12076 | D:8      | Found a shadowy altar of Dithmenos.
 12113 | D:8      | You fall through a shaft!
 12428 | D:8      | Reached skill level 5 in Invocations
 12499 | D:8      | Noticed an elephant
 12524 | D:8      | Killed an elephant
 12524 | D:8      | Reached ***** piety under Okawaru
 12552 | D:8      | Found a staircase to the Lair.
 12664 | D:8      | Received a gift from Okawaru
 12698 | D:8      | Noticed Gastronok
 13496 | D:8      | Killed Gastronok
 13496 | D:8      | Reached skill level 7 in Slings
 13496 | D:8      | Reached skill level 5 in Evocations
 13496 | D:8      | Reached XP level 11. HP: 52/70 MP: 10/17
 13511 | D:8      | Learned a level 4 spell: Passage of Golubria
 13636 | D:9      | Reached skill level 5 in Fighting
 13673 | D:9      | Received a gift from Okawaru
 13685 | D:9      | Found an oddly glowing altar of Pakellas.
 14289 | D:9      | Found an oddly glowing altar of Pakellas.
 14385 | D:9      | Found a deep blue altar of Sif Muna.
 14652 | D:10     | Entered Level 10 of the Dungeon
 14816 | D:10     | Noticed a hill giant
 14833 | D:10     | Killed a hill giant
 14833 | D:10     | Received a gift from Okawaru
 15092 | D:10     | Found Toul's Jewellery Emporium.
 15779 | D:11     | Received a gift from Okawaru
 15808 | D:11     | Reached skill level 1 in Charms
 15818 | D:11     | Reached skill level 8 in Slings
 16422 | D:11     | Found a staircase to the Orcish Mines.
 16423 | D:11     | Noticed a skeletal warrior
 16494 | D:11     | Noticed a skeletal warrior
 16494 | D:11     | Noticed a skeletal warrior
 16497 | D:11     | Reached XP level 12. HP: 72/77 MP: 18/18
 16555 | D:10     | Killed a skeletal warrior
 16555 | D:10     | Received a gift from Okawaru
 16995 | D:11     | Found a roughly hewn altar of Beogh.
 17025 | D:11     | Noticed Erolcha
 17040 | D:11     | Killed Erolcha
 17113 | D:11     | Killed a skeletal warrior
 17372 | D:11     | Noticed an unseen horror
 17390 | D:11     | Killed an unseen horror
 17685 | D:11     | Found Oshasygu's Gadget Boutique.
 18019 | D:12     | Reached skill level 5 in Spellcasting
 18119 | D:12     | Got a dazzling leather armour
 18120 | D:12     | Identified the +4 leather armour of Gravitas {rC+ rCorr} (You found it on level 12 of the Dungeon)
 18357 | D:12     | Received a gift from Okawaru
 18856 | D:12     | Reached skill level 9 in Slings
 19659 | D:12     | Reached skill level 1 in Shields
 20422 | D:7      | Reached XP level 13. HP: 83/83 MP: 20/20
 20496 | D:5      | Killed DarthKuruptios's ghost
 20828 | Lair:1   | Entered Level 1 of the Lair of Beasts
 21203 | Lair:1   | Noticed Sonja
 21213 | Lair:1   | Killed Sonja
 22629 | Lair:2   | Found a staircase to the Snake Pit.
 22641 | Lair:2   | Received a gift from Okawaru
 23206 | Lair:2   | Received a gift from Okawaru
 23215 | Lair:2   | Reached skill level 10 in Slings
 23936 | Lair:2   | Received a gift from Okawaru
 24375 | Lair:3   | Reached skill level 5 in Shields
 24648 | Lair:3   | Noticed Kramin's ghost (journeyman DrAK)
 24693 | Lair:3   | Cast into level 2 of the Abyss (Kramin's ghost)
 24796 | Abyss:2  | Noticed a starcursed mass
 24814 | Abyss:2  | Noticed a starcursed mass
 24855 | Abyss:2  | Noticed a starcursed mass
 24867 | Abyss:2  | Reached XP level 14. HP: 50/90 MP: 22/22
 24901 | Abyss:2  | Noticed a black draconian
 24911 | Abyss:2  | Killed from afar by a black draconian

Vault maps used:
D:1:      minmay_arrival_loop
D:2:      nemelex_xobeh_ov_fountains_minmay, old_standard_altar, first_bread,
          ecumenical_altar_1
D:4:      lemuel_doored_altar, serial_shops, shop, minmay_hedge_maze
D:5:      grunt_qazlal_clouds
D:6:      slow_altar_2, lemuel_tele_altar, uniq_eustachio, uniq_pikel
D:7:      lemuel_round_altar, tgw_fedhas, yredelemnul_altar_generic, st_stairs_4
D:8:      grunt_dithmenos_smoke, david_lair_generic, serial_shops,
          shop_fountains, uniq_erica, uniq_gastronok
D:9:      wad_river_or_something, lemuel_round_altar, lemuel_blue_sif_altar,
          basic_altar, minmay_stone_trees_small
D:10:     serial_shops, kennysheep_mini
D:11:     minmay_orc_entry_temple_small, serial_shops, shop,
          hangedman_fish_farm, uniq_erolcha
Temple:   nicolae_temple_x_marks_the_god
Lair:1:   beast_lair_carwin_3, uniq_sonja
Lair:2:   minmay_snake_entry_guardpost_small
Lair:3:   cheibrodos_magma_flow, swamp_mist, serial_bayou_shore_b
Abyss:2:  hangedman_abyss_mock_shop

Skill      XL: |  1  2  3  4  5  6  7  8  9 10 11 12 13 |
---------------+----------------------------------------+-----
Slings         | 1 2 3 4 5 7 8 9 10 | 10.2
Spellcasting   | 2 3 4 5 |  5.9
Armour         | 2 3 4 5 6 7 |  7.5
Invocations    | 1 2 3 4 5 6 8 |  8.0
Evocations     | 1 2 3 4 5 |  5.7
Fighting       | 2 3 4 5 6 |  6.7
Long Blades    | 3 4 5 6 7 8 9 |  9.8
Dodging        | 3 4 5 6 7 8 |  8.2
Translocations | 4 5 6 7 8 9 |  9.6
Charms         | 1 3 4 |  4.0
Shields        | 1 5 |  5.0
Throwing       | |  1.1

Action                   |  1- 3 |  4- 6 |  7- 9 | 10-12 | 13-15 || total
-------------------------+-------+-------+-------+-------+-------++-------
Melee: Falchion          |   104 |   113 |   622 |   249 |       ||  1088
       Punch             |       |       |     5 |     5 |     2 ||    12
       Scimitar          |       |       |       |   460 |   338 ||   798
       Long sword        |       |       |       |    10 |       ||    10
 Fire: Hunting sling     |    35 |   158 |   253 |   640 |   269 ||  1355
       Blowgun           |       |       |       |     8 |       ||     8
       Greatsling        |       |       |       |       |    45 ||    45
Throw: Tomahawk          |       |     2 |     3 |       |       ||     5
       Throwing net      |       |       |       |     2 |     1 ||     3
 Cast: Shroud of Golubri |     1 |     2 |     2 |       |     2 ||     7
       Blink             |       |       |     8 |    16 |     3 ||    27
       Teleport Other    |       |       |       |     1 |       ||     1
       Apportation       |       |       |       |     1 |       ||     1
       Portal Projectile |       |       |       |     1 |       ||     1
Invok: Heroism           |     1 |     2 |    11 |    15 |     8 ||    37
       Finesse           |       |       |       |     4 |     1 ||     5
 Abil: Evoke Berserk Rag |       |       |       |     1 |     1 ||     2
Evoke: Wand              |       |       |       |       |     7 ||     7
  Use: Potion            |       |     4 |     4 |     8 |     2 ||    18
       Scroll            |       |       |    15 |    16 |     2 ||    33
 Stab: Sleeping          |       |       |     1 |     1 |       ||     2
       Held in net/web   |       |       |       |     1 |       ||     1
       Confused          |       |       |       |       |     4 ||     4
  Eat: Chunk             |     4 |     6 |    10 |    17 |     9 ||    46
       Fruit             |       |       |     3 |     2 |       ||     5
       Beef jerky        |       |       |     1 |     1 |     2 ||     4
       Royal jelly       |       |       |     1 |       |       ||     1
       Meat ration       |       |       |     1 |     2 |     1 ||     4
       Pizza             |       |       |     1 |       |       ||     1
       Bread ration      |       |       |       |     1 |       ||     1
Armor: Leather armour    |    26 |    31 |    14 |    33 |    39 ||   143
       Robe              |       |       |    84 |    38 |       ||   122
Dodge: Dodged            |    91 |    85 |   425 |   361 |   167 ||  1129
Block: Buckler           |       |       |       |       |    39 ||    39
